Map: Catallena LE

Players

Gracz - Winner!

  • Race: Terran Terran
  • League: Bronze
  • Spawn Location: 12:00

HAJPER

  • Race: Terran Terran
  • Spawn Location: 5:00

VOD

Have the link to the VOD?

Description

Time

  • Played on: Sept. 10, 2016, 8:49 p.m.
  • Length: 35:14
Show
View Real Time Build Order
Export as new Build Order

Gracz Terran - Winner!

Build Orders:  

Get SALT Encoding   

  12  0:01  SCV  
  13  0:20  Supply Depot  
  13  0:22  SCV  
  14  0:33  Refinery  
  14  0:34  SCV  
  15  0:54  Barracks  
  15  0:57  SCV  
  16  1:09  SCV  
  17  1:11  Barracks  
  17  1:21  SCV  
  18  1:34  SCV  
  19  1:47  Orbital Command  
  19  1:55  Barracks  
  19  2:03  Reaper x2  
  21  2:17  SCV  
  22  2:29  SCV  
  23  2:47  Supply Depot  
  23  3:08  SCV, Reaper x3  
  27  3:20  SCV  
  27  3:23  Command Center  
  28  3:30  Refinery  
  28  3:32  SCV  
  29  3:40  Reaper  
  30  3:44  SCV  
  31  4:26  SCV  
  31  4:29  Marine  
  31  4:31  Marine  
  31  4:32  Marine  
  30  4:38  Orbital Command  
  30  4:42  SCV  
  31  4:47  Marine  
  31  4:49  Marine  
  31  4:50  Marine  
  34  4:54  SCV  
  34  4:55  Refinery  
  34  4:58  Refinery  
  35  5:05  Marine  
  35  5:06  SCV  
  37  5:07  Marine  
  37  5:08  Marine  
  39  5:18  SCV  
  40  5:23  Barracks Reactor  
  40  5:25  Barracks Reactor  
  40  5:26  Barracks Reactor  
  40  5:30  SCV  
  40  5:34  Barracks  
  41  5:36  Factory  
  41  5:41  Engineering Bay  
  41  5:42  Engineering Bay  
  41  6:06  Marine x5  
  46  6:12  Marine  
  46  6:14  Supply Depot  
  47  6:24  Marine x5  
  51  6:31  Starport, Factory Tech Lab  
  51  6:34  Barracks Tech Lab  
  51  6:41  Factory  
  48  7:05  Stimpack  
  48  7:06  Marine x6  
  48  7:07  Marine  
  55  7:11  Starport  
  55  7:36  Medivac  
  57  7:41  Command Center  
  57  7:48  Armory  
  57  7:49  Armory  
  57  7:51  Terran Infantry Armor Level 1, Terran Infantry Weapons Level 1  
  57  7:57  Starport Reactor  
  57  8:15  Starport Reactor  
  57  8:17  Factory Tech Lab  
  57  8:24  Siege Tank  
  60  8:35  Marine x2  
  60  8:40  Marine x5  
  67  8:42  Supply Depot  
  67  8:44  Supply Depot  
  67  8:50  Medivac  
  67  8:52  Marine x2  
  67  8:55  Medivac x3  
  77  8:58  Marine x2  
  77  8:59  Orbital Command  
  77  9:01  SCV  
  80  9:03  SCV  
  80  9:06  Combat Shields  
  81  9:14  SCV  
  81  9:15  SCV  
  83  9:20  Medivac  
  85  9:26  SCV  
  85  9:27  SCV  
  87  9:38  SCV  
  88  9:39  SCV  
  88  9:43  Supply Depot  
  89  9:45  Terran Infantry Weapons Level 2  
  89  9:49  Terran Vehicle And Ship Armor Level 1, Terran Ship Weapons Level 1  
  89  9:50  SCV  
  90  10:05  Supply Depot  
  87  10:15  Marine x2  
  87  10:16  Marine x5  
  94  10:25  Siege Tank x2  
  94  10:27  Supply Depot  
  100  10:33  Marine x3  
  103  10:44  SCV  
  103  10:46  SCV  
  105  10:51  Supply Depot  
  105  10:56  SCV  
  106  10:57  Refinery, Siege Tank  
  106  10:58  SCV  
  110  11:06  Widow Mine  
  110  11:08  SCV  
  110  11:10  SCV  
  114  11:13  Supply Depot  
  114  11:20  SCV  
  115  11:29  Widow Mine  
  118  11:32  SCV  
  118  11:34  Widow Mine  
  118  11:36  Supply Depot  
  89  11:57  Widow Mine  
  91  12:01  Terran Infantry Armor Level 2  
  91  12:02  SCV  
  91  12:04  Marine  
  91  12:05  Marine x6  
  99  12:22  Marine x2  
  100  12:23  Marine x5  
  106  12:40  Marine x7  
  113  12:58  Marine x7  
  120  13:16  Marine  
  118  14:03  Marine  
  118  14:04  Marine x6  
  118  14:07  Terran Infantry Weapons Level 3  
  125  14:19  Refinery  
  125  14:36  Command Center  
  125  15:00  Widow Mine x2  
  125  15:02  Drilling Claws  
  125  15:05  Marine x7  
  136  15:08  Medivac x4  
  144  15:16  Supply Depot  
  144  15:28  Widow Mine x2  
  148  15:38  Medivac  
  150  15:57  Widow Mine x2  
  130  17:09  Refinery  
  130  17:12  Widow Mine x2  
  134  17:41  Siege Tank, Widow Mine  
  139  18:09  Widow Mine  
  141  18:13  Widow Mine  
  143  18:38  Widow Mine  
  145  18:41  Widow Mine  
  147  19:06  Widow Mine  
  149  19:10  Widow Mine  
  151  19:53  Refinery  
  151  19:56  Widow Mine x2  
  155  20:25  Widow Mine x2  
  159  20:53  Widow Mine x2  
  163  21:22  Widow Mine x2  
  167  21:50  Widow Mine  
  167  21:51  Widow Mine  
  171  22:19  Widow Mine x2  
  173  22:36  Orbital Command  
  173  22:47  Widow Mine  
  173  22:48  Widow Mine  
  177  23:16  Widow Mine  
  179  23:28  Orbital Command  
  179  23:30  Marine x2  
  179  23:31  Marine x3  
  179  23:33  Medivac x2  
  188  23:44  Refinery  
  188  23:46  Refinery  
  185  27:27  Liberator  
  185  27:28  Liberator  
  185  27:45  Viking  
  185  27:46  Viking  
  195  27:58  Liberator  
  195  28:16  Viking  
  200  30:04  Terran Vehicle And Ship Armor Level 2, Terran Ship Weapons Level 2  
  192  33:01  Viking x4  
Show
View Real Time Build Order
Export as new Build Order

HAJPER Terran 

Build Orders: Reaper Expand 

Get SALT Encoding   

  12  0:01  SCV  
  13  0:17  Supply Depot  
  13  0:24  SCV  
  14  0:36  SCV  
  15  0:47  Refinery  
  15  0:50  SCV  
  16  0:59  Barracks  
  16  1:02  SCV  
  17  1:15  SCV  
  19  1:32  SCV  
  19  1:46  Reaper  
  20  1:57  Barracks  
  20  1:59  Refinery, Command Center  
  20  2:09  Factory  
  20  2:21  Orbital Command  
  19  3:09  Reaper x2  
  19  3:11  Hellion  
  23  3:15  Barracks  
  23  3:24  Factory  
  23  3:33  Hellion  
  23  3:34  Starport  
  25  3:37  SCV  
  25  3:40  SCV  
  27  3:49  SCV  
  27  3:52  SCV  
  27  3:54  Hellion  
  31  3:56  Reaper x2  
  31  4:02  SCV  
  34  4:08  Supply Depot  
  31  4:43  Factory Tech Lab  
  31  4:44  Factory Tech Lab  
  31  4:47  Medivac  
  33  4:53  SCV  
  34  5:05  SCV  
  35  5:13  Refinery  
  35  5:14  Refinery  
  35  5:17  Medivac, SCV  
  35  5:20  Siege Tank  
  41  5:38  Siege Tank  
  41  5:41  SCV  
  45  5:53  SCV  
  46  6:05  SCV  
  47  6:15  Reaper x2  
  46  6:47  Reaper x2  
  44  7:06  Cyclone x2  
  52  7:19  Starport Tech Lab, Reaper x2  
  54  7:46  SCV  
  54  7:50  Supply Depot  
  54  7:51  Reaper x2  
  56  7:52  Supply Depot  
  56  7:58  SCV  
  58  8:02  Ghost Academy  
  58  8:10  SCV  
  59  8:16  Mag-Field Accelerator  
  62  8:20  Siege Tank  
  62  8:22  SCV  
  62  8:23  Reaper x2  
  65  8:34  SCV  
  65  8:36  Siege Tank  
  69  8:55  Reaper x2  
  71  8:59  Banshee  
  74  9:27  Reaper x2  
  76  9:41  Banshee  
  79  9:50  Siege Tank x2  
  85  9:59  Reaper  
  86  10:07  Command Center  
  86  10:31  Reaper, Banshee  
  86  10:34  Supply Depot  
  90  10:36  Supply Depot  
  90  10:37  Supply Depot  
  90  10:38  Siege Tank  
  93  10:55  Siege Tank  
  96  11:11  Siege Tank  
  99  11:27  Siege Tank  
  62  11:51  Reaper x2  
  43  12:07  Barracks  
  43  12:14  Medivac  
  45  12:24  Barracks Reactor  
  45  12:25  Barracks Reactor  
  45  12:29  Supply Depot  
  45  12:39  Refinery, SCV  
  46  12:44  Medivac  
  48  12:51  SCV  
  48  12:52  Supply Depot  
  48  12:57  Barracks  
  49  13:03  SCV  
  49  13:04  Barracks Reactor  
  49  13:05  Reaper x3  
  52  13:06  Reaper  
  54  13:14  Medivac  
  54  13:15  SCV  
  54  13:17  Supply Depot  
  57  13:28  Refinery, SCV  
  58  13:37  Reaper x3  
  58  13:38  Reaper  
  58  13:40  Supply Depot  
  61  13:43  Siege Tank x2  
  61  13:44  Medivac  
  61  13:46  Reaper  
  61  13:47  Reaper x2  
  72  13:58  SCV  
  72  14:02  SCV  
  74  14:04  Supply Depot  
  74  14:09  Reaper x2  
  77  14:10  Reaper x2  
  77  14:11  SCV  
  77  14:14  SCV  
  77  14:15  Hellion x2  
  84  14:19  Reaper x3  
  84  14:23  SCV  
  88  14:35  SCV  
  88  14:36  Hellion, Siege Tank  
  93  14:41  Reaper x2  
  93  14:42  Reaper x2  
  95  14:47  SCV  
  95  14:51  Reaper x3  
  99  15:03  Siege Tank  
  102  15:09  Siege Tank  
  102  15:13  Reaper  
  102  15:14  Reaper x3  
  109  15:23  Reaper x3  
  112  15:35  Siege Tank  
  111  15:45  Reaper  
  111  15:46  Reaper x3  
  115  15:55  Reaper x3  
  118  16:18  Reaper x2  
  57  17:05  Reaper x2  
  57  17:06  Reaper x3  
  62  17:11  Reaper x2  
  64  17:37  Reaper  
  64  17:38  Reaper x4  
  64  17:43  Reaper x2, Orbital Command  
  64  17:44  Medivac  
  73  18:10  Reaper x4  
  78  18:14  Medivac  
  78  18:15  Barracks Tech Lab, Reaper  
  80  18:21  Refinery  
  80  18:23  Refinery  
  78  18:42  Reaper x4  
  78  18:44  Medivac  
  84  18:59  Marauder  
  85  19:11  Reaper x2  
  85  19:14  Reaper x4  
  91  19:21  SCV, Marauder  
  93  19:33  SCV  
  92  19:42  Marauder  
  92  19:43  Reaper x2  
  92  19:45  SCV  
  96  19:46  Reaper x4  
  100  19:57  SCV  
  99  20:04  Marauder  
  100  20:09  SCV  
  100  20:15  Marine x2  
  100  20:18  Marine x4  
  106  20:21  SCV  
  106  20:25  Hellion, Marauder  
  110  20:33  Marine x2, SCV  
  113  20:35  Marine  
  113  20:36  Marine x3  
  116  20:45  SCV  
  116  20:46  Hellion, Marauder  
  121  20:50  Marine  
  121  20:51  Marine  
  121  20:53  Marine x2  
  121  20:54  Marine x2, Medivac  
  128  20:58  SCV  
  127  21:08  Marine x2, Marauder  
  127  21:10  SCV  
  132  21:11  Marine x3  
  132  21:12  Marine  
  135  21:22  SCV  
  135  21:24  Medivac  
  132  21:26  Marine  
  132  21:27  Reaper  
  132  21:29  Reaper, Marauder  
  132  21:30  Reaper  
  136  21:44  Reaper  
  130  21:50  Marauder  
  126  21:54  Medivac  
  126  21:59  Reaper  
  127  22:01  Reaper  
  127  22:02  Reaper  
  128  22:12  Marauder  
  130  22:16  Reaper  
  130  22:22  Combat Shields  
  112  22:31  Reaper  
  112  22:33  Marauder  
  115  22:43  Medivac  
  116  22:53  Command Center  
  116  22:55  Marauder  
  85  23:13  Medivac  
  85  23:16  Marauder, Reaper x2  
  91  23:37  Marauder  
  91  23:40  Concussive Shells, SCV  
  94  23:48  Reaper x2  
  96  23:52  SCV, Reaper  
  98  23:59  Marauder  
  99  24:04  SCV  
  99  24:16  SCV  
  99  24:20  Marauder, Reaper x2  
  82  24:29  SCV  
  47  24:42  Marauder  
  8  25:03  Marauder  
  1  25:56  Barracks  
  1  26:57  Engineering Bay  
  1  27:30  Supply Depot  
    28:24  SCV  
  1  28:44  Supply Depot  
  1  29:09  Barracks  
  1  29:56  Barracks Tech Lab  
  1  29:57  Barracks  
Tags
 
Add a new tag
Caveats
  • Supply blocks, unpowered buildings, or Contaminate may cause inaccurate times.
  • Supply counts are checked every 10 seconds.